 Dungeon Crawl Stone Soup version 0.27.0-1-g7a089689b8 (webtiles) character file.

Game seed: 5807619658215966767

17 Sin92 the Skirmisher (level 2, -1/24 HPs)
             Began as a Demonspawn Fighter on Aug 7, 2021.
             Succumbed to a goblin's poison
             ... on level 2 of the Dungeon.
             The game lasted 00:01:10 (861 turns).

Sin92 the Skirmisher (Demonspawn Fighter)            Turns: 861, Time: 00:01:11

Health: -1/24      AC:  6    Str: 16    XL:     2   Next: 44%
Magic:  2/2        EV:  7    Int:  9    God:
Gold:   49         SH:  8    Dex: 12    Spells: 1/1 levels left

rFire    . . .     SeeInvis .   a - +0 war axe
rCold    . . .     Faith    .   c - +0 kite shield
rNeg     . . .     Spirit   .   b - +0 scale mail
rPois    .         Reflect  .   (no helmet)
rElec    .         Harm     .   (no cloak)
rCorr    +         Rampage  .   (no gloves)
Will     .....                  (no boots)
Stlth    ..........             (no amulet)
HPRegen  0.08/turn              h - ring of resist corrosion
MPRegen  0.08/turn              (no ring)

@: lethally poisoned (-1 -> -27)
A: foul stench 1
a: no special abilities


You were on level 2 of the Dungeon.
You visited 1 branch of the dungeon, and saw 2 of its levels.

You collected 49 gold pieces.

Inventory:

Hand Weapons
 a - a +0 war axe (weapon)
Armour
 b - a +0 scale mail (worn)
 c - a +0 kite shield (worn)
Jewellery
 h - a ring of resist corrosion (left hand)
Scrolls
 f - a scroll of identify {unknown}
 g - a scroll of enchant armour {unknown}
 i - a scroll of acquirement {unknown}
 j - a scroll of summoning {unknown}
 k - a scroll of amnesia {unknown}
Potions
 d - a potion of might
 e - a potion of resistance {unknown}


   Skills:
 + Level 3.1 Fighting
 * Level 2.1 Axes
 + Level 2.8 Armour
 + Level 0.5 Dodging
 + Level 2.8 Shields


You had one spell level left.
You didn't know any spells.
Your spell library contained the following spells:

 Spells                   Type           Power      Damage    Failure   Level
 Dazzling Flash           Conj/Hex       0%         N/A       100%        3
 Agony                    Necr           0%         N/A       100%        5
 Silence                  Hex/Air        0%         N/A       100%        5


Dungeon Overview and Level Annotations

Branches:
Dungeon (2/15)

Altars:


Innate Abilities, Weirdness & Mutations

You may rarely emit foul miasma when damaged in melee.


Message History

A goblin comes into view. It is wielding a +0 dagger of venom.
You see here a scroll labelled MOKEPU KONUOW.
A goblin is nearby!
Unknown command.
A goblin is nearby!
Your scale mail prevents you from hitting the goblin.
The goblin barely misses you. The goblin hits you but does no damage.
You are poisoned.
Unknown command.
Your shield prevents you from hitting the goblin.
You feel very sick.
The goblin hits you with a +0 dagger of venom.
You are lethally poisoned!
You block the goblin's attack.
Unknown command.
There is a lethal amount of poison in your body!
There is a lethal amount of poison in your body!
You closely miss the goblin.
You feel extremely sick. You block the goblin's attack.
Unknown command.
You are too injured to fight recklessly!
Unknown command.
There is a lethal amount of poison in your body!
You are too injured to fight recklessly!
There is a lethal amount of poison in your body!
Unknown command.
You are too injured to fight recklessly!
Unknown command.
There is a lethal amount of poison in your body!
You are too injured to fight recklessly!
You closely miss the goblin.
You feel very sick. The goblin hits you but does no damage.
You are more poisoned.
The goblin hits you but does no damage.
You are more poisoned.
You hit the goblin.
The goblin is heavily wounded.
You die...

#. .# #.. #.##+ #.#
..#.. #.# ##[...
#.#### ##...#
#####.##.## ##....###
#.....?...####.......#
#.###........'........
#@#...####.......#
#g#..## ##....###
#.#.## ##...#. #.#.#
##..+.♣ ....# ##'#..
#.### ######.##. #.#
#......##. #.#
#.##...... .........#.


You could see a goblin.

Vanquished Creatures
  4 bats (D:1)
  An endoplasm (D:1)
  A giant cockroach (D:1)
  3 goblins (D:1)
  3 jackals (D:1)
  A ball python (D:1)
  A frilled lizard (D:1)
  A kobold (D:1)
  2 rats (D:1)
17 creatures vanquished.

Notes
Turn   | Place    | Note
-------+----------+-------------------------------------------
     0 | D:1      | Sin92 the Demonspawn Fighter began the quest for the Orb.
     0 | D:1      | Reached XP level 1. HP: 18/18 MP: 1/1
   271 | D:1      | Gained mutation: You may rarely emit foul miasma when
                  | damaged in melee. [demonic ancestry]
   271 | D:1      | Reached XP level 2. HP: 24/24 MP: 2/2
   861 | D:2      | Succumbed to a goblin's poison

Illustrated notes

Levels and vault maps discovered:
D:1:      zaba_arrival_water, layout_basic
D:2:      layout_loops_corners, serial_shops, nicolae_shop_statue_plus,
          grunt_ministairs_13, minmay_between, uniq_sigmund, uniq_robin

Skill      XL: |  1 |
---------------+----+-----
Axes           | 2 |  2.1
Fighting       | |  3.1
Armour         | |  2.8
Dodging        | |  0.5
Shields        | |  2.8

Action                   || total
-------------------------++-------
Melee: War axe           ||    57
Armor: Scale mail        ||    47
Dodge: Dodged            ||    24
Block: Kite shield       ||    31
